 Dungeon Crawl Stone Soup version 0.14-a0-1546-g4b4961f (webtiles) character file.

244 PolkaDot the Vexing (level 5, -1/38 HPs)
             Began as a Vampire Enchanter on Dec 18, 2013.
             Killed from afar by Zuul's ghost (7 damage)
             ... with a zap
             ... on Level 3 of the Dungeon.
             The game lasted 00:15:11 (2962 turns).

PolkaDot the Vexing (Vampire Enchanter)             Turns: 2962, Time: 00:15:11

HP  -1/38        AC  6     Str  7      XL: 5   Next: 44%
MP   5/9         EV 12     Int 17      God:
Gold 51          SH  0     Dex 15      Spells:  2 memorised,  5 levels left

rFire  . . .     SeeInvis +     a - +1 dagger
rCold  + . .     Clarity  .     b - +1 robe
rNeg   + + .     Conserve .     (no shield)
rPois  +         rCorr    .     (no helmet)
rElec  .         rRot     +     (no cloak)
SustAb . .       Spirit   .     n - +1 pair of dwarf gloves
rMut   .         Warding  .     k - +0 pair of boots
Saprov . . .     Stasis   .     (no amulet)
                                (no ring)
                                (no ring)

@: regenerating slowly, very slightly contaminated, slightly resistant to
hostile enchantments, quite stealthy
A: fangs 3, see invisible, robust 1, unbreathing
a: Bat Form


You were on level 3 of the Dungeon.
You were very thirsty.

You visited 1 branch of the dungeon, and saw 3 of its levels.

You collected 111 gold pieces.
You spent 60 gold pieces at shops.

Inventory:

Hand weapons
 a - a +1,+1 dagger (weapon)
Missiles
 d - 11 darts (quivered)
Armour
 b - a +1 robe (worn)
 k - a +0 pair of boots (worn)
 n - a +1 pair of dwarven gloves (worn)
Scrolls
 f - a scroll of teleportation {unknown}
 g - 2 scrolls of fear {unknown}
 i - 2 scrolls of noise {unknown}
 l - 2 scrolls of remove curse {unknown}
 m - 2 scrolls of magic mapping {unknown}
 o - a scroll of immolation {unknown}
Potions
 h - 3 potions of curing
 p - a potion of brilliance {unknown}
Books
 c - a book of Maledictions

   Spells                             Type                      Level
   *Corona                            Hexes                        1
   Sure Blade                         Hexes/Charms                 2
   *Ensorcelled Hibernation           Hexes/Ice                    2
   Confuse                            Hexes                        3
   Enslavement                        Hexes                        4
   Invisibility                       Hexes                        6
 j - a book of the Earth

   Spells                             Type                      Level
   Dig                                Earth                        4
   Leda's Liquefaction                Hexes/Earth                  4
   Bolt of Magma                      Conjuration/Fire/Earth       5
   Statue Form                        Transmutation/Earth          6
   Iron Shot                          Conjuration/Earth            6
   Shatter                            Earth                        9


   Skills:
 + Level 3.8 Short Blades
 - Level 0.7 Throwing
 - Level 2.1 Dodging
 + Level 5.2 Stealth
 - Level 2.0 Spellcasting
 * Level 6.2 Hexes


You had 5 spell levels left.
You knew the following spells:

 Your Spells              Type           Power        Failure   Level  Hunger
a - Corona                Hex            ###....      1%          1    #......
d - Ensorcelled Hibernat  Hex/Ice        ##....       10%         2    ###....


Dungeon Overview and Level Annotations

Branches:
Dungeon (3/16)

Altars:
Kikubaaqudgha
Nemelex Xobeh
Trog
Zin

Annotations:
D:3 Zuul's ghost, average DsAE


Innate Abilities, Weirdness & Mutations

You heal slowly.
You have razor-sharp teeth.*
You have supernaturally acute eyesight.
You can survive without breathing.*
You are robust (+10% HP).


Message History

Zuul's ghost burns you.
You hit Zuul's ghost.
Zuul's ghost is lightly damaged.
Zuul's ghost hits you. Zuul's ghost burns you.
You hit Zuul's ghost but do no damage.
Zuul's ghost is lightly damaged.
Zuul's ghost hits you. Zuul's ghost burns you.
You hit Zuul's ghost but do no damage.
Zuul's ghost is lightly damaged.
Zuul's ghost hits you.
* * * LOW HITPOINT WARNING * * *
Zuul's ghost burns you.
* * * LOW HITPOINT WARNING * * *
Zuul's ghost gestures wildly while chanting.
Zuul's ghost seems to move somewhat quicker.
Drink which item? (? for menu, Esc to quit)
You feel refreshed.
It was a potion of restore abilities.
Zuul's ghost gestures at you while chanting.
The zap hits you!
You die...

#.).....# ###############
#.).....### #≈≈≈≈≈≈≈≈# ###
#.....%...####........####..
######..###_...............# #..#
####........###### .##### #..#
#≈≈≈≈≈≈≈≈# #.. ...... #..#
############## ###
......#####..###.#...[###...#####
..............p.@................
......#####.#######.#####........
...... #.# #.# ###.##### (.....
#.# #.# #.# ...... #.#
####.#######.# ......
#.####.........##.# .....
#..............##.##### .<..
######.........##...... #
##################


You could see Zuul's ghost.

Vanquished Creatures
  Sigmund (D:2)
  Terence (D:2)
  3 adders
  A giant mite (D:3)
  An ooze (D:2)
  An orc (D:3)
  3 bat zombies (D:3)
  5 giant cockroaches
  9 goblins
  8 hobgoblins
  3 jackals (D:1)
  8 kobolds
  2 quokkas
  13 bats
  2 giant geckos
  A rat (D:2)
62 creatures vanquished.

Notes
Turn   | Place    | Note
--------------------------------------------------------------
     0 | D:1      | PolkaDot, the Vampire Enchanter, began the quest for the Orb.
     0 | D:1      | Reached XP level 1. HP: 13/13 MP: 3/3
   232 | D:1      | Reached XP level 2. HP: 13/19 MP: 1/4
   872 | D:2      | Reached skill level 5 in Hexes
  1106 | D:2      | Noticed Sigmund
  1109 | D:2      | Gained mutation: You are robust (+10% HP). [potion of beneficial mutation]
  1134 | D:2      | Killed Sigmund
  1134 | D:2      | Reached XP level 3. HP: 24/26 MP: 6/6
  1134 | D:2      | Reached XP level 4. HP: 30/33 MP: 7/7
  1248 | D:2      | Learned a level 2 spell: Ensorcelled Hibernation
  1294 | D:2      | Found Zin's Purification Station.
  1298 | D:2      | Found a glowing silver altar of Zin.
  1298 | D:2      | Noticed Terence
  1803 | D:2      | Killed Terence
  1912 | D:2      | Bought a potion of curing for 60 gold pieces
  2024 | D:2      | Reached XP level 5. HP: 38/38 MP: 9/9
  2321 | D:3      | Found a bloodstained altar of Trog.
  2335 | D:3      | Reached skill level 5 in Stealth
  2366 | D:3      | Found a sparkling altar of Nemelex Xobeh.
  2732 | D:3      | Reached skill level 6 in Hexes
  2838 | D:3      | Found an ancient bone altar of Kikubaaqudgha.
  2931 | D:3      | Noticed Zuul's ghost (average DsAE)
  2962 | D:3      | Killed from afar by Zuul's ghost

Action                   |  1- 3 |  4- 6 || total
-------------------------+-------+-------++-------
Melee: Dagger            |   105 |   155 ||   260
Throw: Dart              |     5 |       ||     5
 Cast: Corona            |    13 |     7 ||    20
       Ensorcelled Hiber |       |    11 ||    11
  Use: Potion            |     6 |     2 ||     8
 Stab: Sleeping          |     3 |    17 ||    20
       Invisible         |     2 |     2 ||     4
